 Dungeon Crawl Stone Soup version 0.29.1-15-g9cfb28693d (webtiles) character file.

Game seed: 339682311498188474

33 Heoruswealwe the Digger (level 3, -4/19 HPs)
             Began as a Deep Elf Earth Elementalist on May 2, 2023.
             Was an Initiate of Gozag.
             Slain by a gnoll
             ... wielding a +0 halberd
              (6 damage)
             ... on level 2 of the Dungeon.
             The game lasted 00:07:49 (599 turns).

Heoruswealwe the Digger (DEEE)                       Turns: 599, Time: 00:07:51

Health: -4/19      AC:  2    Str:  5    XL:     3   Next: 12%
Magic:  3/9        EV: 12    Int: 27    God:    Gozag
Gold:   57         SH:  0    Dex: 15    Spells: 5/8 levels left

rFire   . . .      SeeInvis .   (no weapon)
rCold   . . .      Faith    .   (no shield)
rNeg    . . .      Spirit   .   c - +0 robe
rPois   .          Reflect  .   (no helmet)
rElec   .          Harm     .   (no cloak)
rCorr   .          Rampage  .   (no gloves)
Will    .....                   (no boots)
Stlth   ++........              (no amulet)
HPRegen 0.06/turn               k - +6 ring of intelligence
MPRegen 0.11/turn               (no ring)

@: gold aura
A: no striking features
a: Renounce Religion, Potion Petition, Call Merchant, Bribe Branch


You were on level 2 of the Dungeon.
You worshipped Gozag.
Gozag was noncommittal.
You visited 1 branch of the dungeon, and saw 2 of its levels.

You collected 57 gold pieces.

Inventory:

Armour
 c - a +0 robe (worn)
Jewellery
 k - a +6 ring of intelligence (left hand)
Scrolls
 a - a scroll of noise {unknown}
 d - a scroll of poison {unknown}
 e - a scroll of teleportation {unknown}
 f - a scroll of fear {unknown}
Potions
 b - a potion of magic
 g - a potion of haste {unknown}


   Skills:
 - Level 2.4 Dodging
 - Level 2.4 Stealth
 - Level 3.0 Spellcasting
 - Level 1.1 Transmutations
 + Level 4.7 Earth Magic


You had 5 spell levels left.
You knew the following spells:

 Your Spells              Type           Power      Damage    Failure   Level
a - Sandblast             Erth           58%        2d13      1%          1
z - Passwall              Tmut/Erth      15%        N/A       4%          2

Your spell library contained the following spells:

 Spells                   Type           Power      Damage    Failure   Level
 Foxfire                  Conj/Fire      16%        2x1d4     9%          1
 Stone Arrow              Conj/Erth      32%        3d9       10%         3
 Conjure Flame            Conj/Fire      4%         6-21      26%         3
 Inner Flame              Hex/Fire       4%         N/A       26%         3
 Petrify                  Tmut/Erth      19%        N/A       26%         4
 Flame Wave               Conj/Fire      4%         2d5       65%         4


Dungeon Overview and Level Annotations

Branches:
Dungeon (2/15)

Altars:
Gozag

Shops:
D:1 ?


Message History

A gnoll comes into view. It is wielding a +0 halberd.
There is an open door here. 2 gnolls come into view.
The gnoll shouts! x2; You hear a shout!
A goblin comes into view. It is wielding a +0 dagger.
The gnoll shouts!
There is an open door here.
The blast of sand hits the goblin.
You kill the goblin!
You can't see any susceptible monsters within range! (Use Z to cast anyway.)
You can't see any susceptible monsters within range! (Use Z to cast anyway.)
The blast of sand hits the gnoll!
The gnoll is heavily wounded.
The gnoll is distracted by your dazzling golden aura.
The blast of sand hits the gnoll!
You kill the gnoll!
The gnoll shouts!
You have reached level 3!
Your experience leads to an increase in your attributes!
Your base attributes are Str 5, Int 19, Dex 15.
Increase (S)trength, (I)ntelligence, or (D)exterity?
You feel clever. x2
The blast of sand hits the gnoll but does no damage.
The gnoll hits you from afar with a +0 halberd.
The gnoll barely misses you.
The blast of sand hits the gnoll but does no damage.
The gnoll is no longer distracted by gold.
The gnoll hits you from afar with a +0 halberd!
Ouch! That really hurt!
* * * LOW HITPOINT WARNING * * *
Casting: Sandblast (safe; 1% risk of failure)
Confirm with . or Enter, or press ? or * to list all spells.
Aiming: Sandblast (safe; 1% risk of failure)
Press: ? - help, Shift-Dir - straight line, f/p - gnoll
Aim: a gnoll, wielding a +0 halberd (85% to hit)
The blast of sand hits the gnoll!
The gnoll is almost dead.
The gnoll hits you from afar with a +0 halberd.
You die...
Your body crumbles into a pile of gold.

..........+
#.........#
#.........#
#.........#
+.........# +##
#.........# ....
#.........# .....
####......###......
#_#.....@'g$......
#^#......##.g.....
##.#......# .......
#..†......##.......
#..................
########...........
#.....###.##
#..........
#.....###


You could see 2 gnolls.

Vanquished Creatures
  A gnoll (D:2)
  A dart slug (D:1)
  3 endoplasms (D:1)
  A giant cockroach (D:1)
  3 goblins
  A hobgoblin (D:1)
  2 quokkas (D:1)
  2 ball pythons (D:1)
  A bat (D:2)
  2 frilled lizards
  3 kobolds (D:1)
  A rat (D:1)
21 creatures vanquished.

Notes
Turn   | Place    | Note
-------+----------+-------------------------------------------
     0 | D:1      | Heoruswealwe the Deep Elf Earth Elementalist began the
                  | quest for the Orb.
     0 | D:1      | Reached XP level 1. HP: 10/10 MP: 6/6
   294 | D:1      | Reached skill level 4 in Earth Magic
   294 | D:1      | Reached XP level 2. HP: 15/15 MP: 4/8
   297 | D:1      | Learned a level 2 spell: Passwall
   440 | D:1      | Found Ifinasch's Magic Scroll Boutique.
   562 | D:2      | Found a faded altar of an unknown god.
   568 | D:2      | Prayed at the altar of an unknown god.
   568 | D:2      | Became a worshipper of Gozag Ym Sagoz the Greedy
   597 | D:2      | Reached XP level 3. HP: 19/19 MP: 5/9
   599 | D:2      | Slain by a gnoll

Illustrated notes

Levels and vault maps discovered:
D:1:      lemuel_arrival_tunnels, layout_basic, serial_shops,
          nicolae_square_shop
D:2:      layout_basic, hellmonk_ecumenical_altar_leap_of_faith, uniq_natasha

Skill      XL: |  1 |
---------------+----+-----
Earth Magic    | 4 |  4.7
Dodging        | |  2.4
Stealth        | |  2.4
Spellcasting   | |  3.0
Transmutations | |  1.1

Action                   || total
-------------------------++-------
 Cast: Sandblast         ||    29
Dodge: Dodged            ||     1
